Map: Superficie di Korhal LE

Players

Jhyrachy

  • Race: Zerg Zerg
  • League: Silver

Deadel - Winner!

  • Race: Terran Terran
  • League: Gold

VOD

Have the link to the VOD?

Description

Time

  • Played on: April 4, 2016, 12:22 p.m.
  • Length: 10:30
Show
View Real Time Build Order
Export as new Build Order

Jhyrachy Zerg 

Build Orders: Hatch First 

Get SALT Encoding   

  12  0:01  Drone  
  13  0:12  Drone  
  14  0:17  Overlord  
  15  0:35  Drone x2  
  15  0:36  Drone  
  17  0:56  Drone  
  18  0:58  Hatchery  
  18  1:02  Drone  
  18  1:03  Extractor  
  17  1:17  Spawning Pool  
  16  1:20  Drone  
  17  1:28  Drone  
  18  1:35  Drone  
  19  1:40  Overlord  
  19  2:01  Overlord  
  19  2:05  Queen  
  21  2:10  Queen  
  21  2:12  Zergling x4  
  25  2:19  Metabolic Boost  
  24  3:18  Drone x2  
  24  3:19  Drone x4  
  30  3:21  Lair  
  30  3:25  Extractor  
  29  3:40  Extractor  
  29  3:41  Drone x4  
  29  3:46  Drone  
  29  3:47  Drone x2  
  35  3:54  Drone  
  35  3:55  Drone x2  
  38  4:16  Drone x3  
  38  4:17  Drone x3, Extractor  
  42  4:18  Overlord x2  
  42  4:19  Overlord  
  43  4:26  Spire  
  43  4:38  Roach Warren  
  43  4:44  Drone  
  43  4:45  Drone x5  
  48  4:50  Zergling x6  
  51  5:04  Spire  
  50  5:24  Evolution Chamber  
  45  5:50  Hatchery  
  45  5:52  Baneling Nest  
  45  5:55  Zerg Melee Weapons Level 1  
  43  6:02  Zergling x12  
  43  6:03  Zergling x8  
  53  6:05  Queen  
  55  6:14  Overlord x2  
  55  6:17  Zergling x4  
  57  6:30  Burrow  
  57  6:39  Baneling x5  
  57  6:40  Baneling x15  
  57  6:44  Zergling x4  
  57  6:45  Zergling x10  
  64  6:57  Centrifical Hooks  
  64  7:02  Zergling x2  
  64  7:03  Zergling x8  
  66  7:36  Zergling x14  
  66  7:37  Zergling x10  
  67  7:52  Zerg Melee Weapons Level 2  
  67  7:56  Zergling x2  
  67  7:57  Zergling x4  
  69  8:12  Corruptor x2  
  61  8:13  Corruptor x4  
  61  8:30  Zergling x2  
  61  8:31  Zergling x12  
  57  8:43  Spine Crawler  
  57  8:46  Spine Crawler  
  32  9:06  Zergling x10  
  32  9:07  Zergling x8  
  40  9:10  Queen  
  38  9:17  Queen  
  33  9:26  Spore Crawler  
  24  9:51  Roach  
  24  9:52  Roach x5  
  32  10:19  Ravager  
  32  10:20  Ravager x5  
Show
View Real Time Build Order
Export as new Build Order

Deadel Terran - Winner!

Build Orders: MMM Bio 

Get SALT Encoding   

  12  0:01  SCV  
  13  0:13  SCV  
  14  0:18  Supply Depot  
  14  0:25  SCV  
  15  0:40  SCV, Barracks  
  16  0:52  SCV  
  17  1:04  SCV  
  18  1:16  SCV  
  19  1:24  Command Center  
  19  1:28  SCV  
  20  1:32  Supply Depot  
  20  1:40  SCV  
  20  1:41  Refinery  
  21  1:47  Marine  
  21  1:52  SCV  
  23  1:55  Refinery  
  23  2:10  Barracks  
  23  2:12  Orbital Command  
  23  2:14  Marine  
  24  2:30  Engineering Bay  
  24  2:32  Barracks Tech Lab  
  24  2:43  SCV  
  25  2:47  Orbital Command  
  25  2:55  SCV  
  27  3:06  Barracks Reactor  
  27  3:10  Marine  
  27  3:12  Factory  
  27  3:16  Supply Depot, Stimpack  
  27  3:25  SCV x2  
  29  3:28  Marine  
  30  3:37  SCV x2  
  32  3:46  Marine x3  
  35  3:54  SCV x2  
  37  3:56  Factory Reactor  
  37  3:59  Starport  
  37  4:02  Barracks  
  37  4:06  SCV x2  
  37  4:07  Refinery  
  37  4:08  Marine  
  40  4:16  Marine  
  41  4:18  Marine, SCV x2  
  44  4:27  Liberator  
  44  4:28  Liberator  
  44  4:38  Marine x2  
  44  4:39  Marine, Supply Depot  
  50  4:49  SCV  
  54  4:56  Barracks Reactor  
  54  5:00  Marine, SCV, Supply Depot  
  54  5:01  SCV  
  54  5:03  Terran Infantry Weapons Level 1  
  57  5:10  Liberator, Supply Depot  
  57  5:12  SCV  
  57  5:13  SCV  
  59  5:24  Marine, SCV  
  59  5:25  Marine x2, SCV  
  67  5:36  SCV  
  67  5:41  Liberator  
  68  5:56  Marine x4  
  68  5:57  Marine  
  76  6:07  Combat Shields  
  76  6:09  Liberator  
  76  6:11  Supply Depot  
  76  6:12  Supply Depot  
  76  6:14  Marine x2  
  78  6:18  Refinery  
  78  6:22  Marine x3  
  78  6:23  SCV x2  
  83  6:31  Marine  
  83  6:32  Marine  
  88  6:35  SCV x2  
  88  6:37  Armory  
  90  6:40  Engineering Bay  
  90  6:57  Starport  
  90  7:03  Marauder, Marine x4  
  90  7:06  Medivac  
  98  7:12  Command Center  
  98  7:21  Marine x2  
  100  7:24  Marauder  
  89  7:45  Marauder  
  89  7:46  Marine x2  
  92  7:54  Marine x2  
  92  7:55  Medivac  
  92  7:56  Medivac  
  98  7:58  Starport Reactor  
  98  8:01  Supply Depot  
  98  8:02  Terran Infantry Weapons Level 2  
  98  8:04  Terran Infantry Armor Level 1  
  98  8:06  Supply Depot  
  98  8:07  Marauder  
  96  8:28  Marauder  
  90  8:49  Marauder  
  83  9:07  Liberator x2  
  83  9:11  Marauder  
  85  9:18  Marine x4  
  85  9:22  Medivac x2  
  98  9:32  Marauder  
  98  9:36  Marine x2  
  99  9:53  Marine x3  
  99  9:54  Marauder, Marine  
  99  9:58  Barracks  
  99  9:59  SCV x2  
  103  10:00  Barracks  
  101  10:07  Barracks  
  101  10:08  Supply Depot  
  101  10:10  Marine  
  101  10:11  Marine x3, SCV x2  
Tags
 
Add a new tag
Caveats
  • Supply blocks, unpowered buildings, or Contaminate may cause inaccurate times.
  • Supply counts are checked every 10 seconds.